cohdb
Replays
Latest Replays
All Replays
Popular Replays
Top Player Replays
Match Explorer
How It Works
Community
CoH3 Stats
Reddit
Sign in to upload your games and track your stats! →
Sign in with Steam
Match 45193551
Unlisted
Match 45193551
Overview
Messages
Build Orders
End
Panzergrenadier Squad
Kradschützen Motorcycle Team
Panzergrenadier Squad
Panzergrenadier Squad
Construct Light Support Kompanie
2.5-tonne Medical Truck
Selects Battlefield Espionage Battlegroup
Selects Intel Disruption Beacon
Fire Support Elements
Selects 250/3 Funkpanzerwagen
le.IG 18 Mechanized Group
Flakvierling Half-track
Vehicle Survival Package
2.5-tonne Medical Truck
Selects Plunder
Selects Plunder
Construct Panzerarmee Kommand
Panzer III L Medium Tank
Rapid Advance
Selects Firestorm
Firestorm
Panzer III L Medium Tank
Emergency Repair Kits
Firestorm
Selects Anti-Tank Incendiary Munitions
Selects Advanced Ambush Training
Panzer III L Medium Tank
2.5-tonne Medical Truck
Firestorm
Walking Stuka Rocket Launcher
Panzer III L Medium Tank
Tungsten Core Ammunition
Firestorm
Armored Reserves
Tiger Heavy Tank
Firestorm
Selects Operation Skorpion
Flak 36 Anti-tank Gun Team
Firestorm
StuG Assault Group
Firestorm
Panzergrenadier Squad
Panzergrenadier Squad
Firestorm
GABE OWNERS
THA DON MEGA
Feldsalat
JVM
iiruoz
Hazsart
Mexidankus Bartholemewl
把对面当日本人打
0
0
Comments
sign in to comment!
No comments posted yet!